 Dungeon Crawl Stone Soup version 0.26-a0-658-gbdda728c12 (webtiles) character file.

Game seed: 18245805622775279255

9401 Murumi the Ogre Mage (level 11, -5/102 HPs)
             Began as an Ogre Conjurer on Oct 1, 2020.
             Was an Elder of Vehumet.
             Slain by Erica
             ... wielding a +1 scimitar of flaming
              (11 damage)
             ... on level 1 of the Lair of Beasts on Oct 5, 2020.
             The game lasted 00:52:49 (14222 turns).

Murumi the Ogre Mage (Ogre Conjurer)               Turns: 14222, Time: 00:52:49

Health: -5/102     AC:  7    Str: 13    XL:     11   Next: 45%
Magic:  2/23       EV: 15    Int: 22    God:    Vehumet [****..]
Gold:   719        SH:  0    Dex:  7    Spells: 13/26 levels left

rFire    . . .     SeeInvis .   z - +0 giant spiked club
rCold    . . .     Faith    +   (shield currently unavailable)
rNeg     . . .     Spirit   .   a - +1 robe
rPois    .         Reflect  .   t - +2 hat
rElec    .         Harm     .   m - +0 cloak
rCorr    .         Rampage  .   (gloves unavailable)
MR       +....                  (boots unavailable)
Stlth    +++.......             n - amulet of faith
HPRegen  0.27/turn              D - ring of stealth
MPRegen  0.18/turn              q - +4 ring of evasion

@: lethally poisoned (-5 -> -8), slowed, very slow
A: large, unfitting armour, tough skin 1
a: Renounce Religion


You were on level 1 of the Lair of Beasts.
You worshipped Vehumet.
Vehumet was greatly pleased with you.
You visited 3 branches of the dungeon, and saw 12 of its levels.

You collected 747 gold pieces.
You spent 28 gold pieces at shops.

Inventory:

Hand Weapons
 z - a +0 giant spiked club (weapon)
Armour
 a - a +1 robe (worn)
 m - a +0 cloak (worn)
 t - a +2 hat (worn)
Jewellery
 d - an uncursed ring of ice
 e - an uncursed ring of protection from cold
 l - an uncursed ring of fire
 n - an amulet of faith (around neck)
 q - a +4 ring of evasion (right hand)
 B - an uncursed ring of ice
 D - a ring of stealth (left hand)
Wands
 b - a wand of disintegration (16)
 v - a wand of flame (41)
Scrolls
 g - 11 scrolls of teleportation
 j - a scroll of enchant armour
 r - 2 scrolls of amnesia
 s - a scroll of remove curse
 y - a scroll of immolation
Potions
 c - 4 potions of curing
 f - 2 potions of stabbing {unknown}
 h - a potion of resistance
 i - 4 potions of magic
 k - 3 potions of might {unknown}
 o - 2 potions of cancellation
 p - 2 potions of haste {unknown}
 u - a potion of degeneration {unknown}
 w - 4 potions of brilliance
 F - a potion of mutation {unknown}
Miscellaneous
 x - a lightning rod (2/4)
 A - a tin of tremorstones (3/3)
 C - a phantom mirror
 E - a box of beasts (3/3)


   Skills:
 - Level 5.0 Fighting
 - Level 2.0 Maces & Flails
 - Level 6.0 Dodging
 - Level 4.0 Stealth
 - Level 8.0 Spellcasting
 - Level 6.0 Conjurations
 - Level 6.0 Hexes
 - Level 5.0 Fire Magic
 - Level 5.0 Air Magic
 + Level 5.6 Earth Magic
 - Level 2.0 Evocations


You had 13 spell levels left.
You knew the following spells:

 Your Spells              Type           Power        Failure   Level
a - Shock                 Conj/Air       ####         1%          1
b - Searing Ray           Conj           #####.       1%          2
c - Stone Arrow           Conj/Erth      ####..       1%          3
d - Dazzling Flash        Conj/Hex       #####.       1%          3
e - Magic Dart            Conj           ####         1%          1
f - Conjure Flame         Conj/Fire      ####....     1%          3

Your spell library contained the following spells:

 Spells                   Type           Power        Failure   Level
 Hailstorm                Conj/Ice       ###.....     6%          4
 Sandblast                Erth           ####..       1%          1
 Mephitic Cloud           Conj/Pois/Air  ###.....     1%          3
 Fulminant Prism          Conj/Hex       #####.....   1%          4
 Passwall                 Tmut/Erth      ###.....     3%          2
 Lee's Rapid Deconstruct  Erth           ####......   5%          5
 Summon Guardian Golem    Hex/Summ       ###.....     6%          3
 Iskenderun's Mystic Bla  Conj/Tloc      ###.....     6%          4
 Animate Skeleton         Necr           #.....       8%          1
 Beastly Appendage        Tmut           #.....       8%          1
 Pain                     Necr           #...         8%          1
 Sting                    Tmut/Pois      #...         8%          1
 Summon Small Mammal      Summ           #...         8%          1
 Call Imp                 Summ           #.......     11%         2
 Wereblood                Tmut           #.......     11%         2
 Olgreb's Toxic Radiance  Pois           #.......     19%         4
 Call Canine Familiar     Summ           #.......     22%         3
 Spider Form              Tmut/Pois      #.........   22%         3
 Vampiric Draining        Necr           #.........   22%         3
 Petrify                  Tmut/Erth      ###.....     22%         4
 Summon Lightning Spire   Summ/Air       ###.....     26%         4
 Animate Dead             Necr           #.........   58%         4
 Ice Form                 Ice/Tmut       #.......     58%         4
 Summon Ice Beast         Ice/Summ       #.......     58%         4
 Agony                    Necr           #.......     90%         5
 Alistair's Intoxication  Tmut/Pois      #........    90%         5
 Blade Hands              Tmut           #.........   90%         5
 Malign Gateway           Summ/Tloc      #.........   100%        7
 Monstrous Menagerie      Summ           #.........   100%        7
 Summon Greater Demon     Summ           #.........   100%        7
 Summon Horrible Things   Summ           #.........   100%        8


Dungeon Overview and Level Annotations

Branches:
Dungeon (10/15)            Temple (1/1) D:4            Lair (1/6) D:9
    Orc: D:9-12

Altars:
Ashenzari
Cheibriados
Dithmenos
Elyvilon
Fedhas
Gozag
Hepliaklqana
Kikubaaqudgha
Makhleb
Nemelex Xobeh
Okawaru
Qazlal
Ru
Sif Muna
Trog
Uskayaw
Vehumet
Wu Jian
Xom
Yredelemnul
Zin
The Shining One

Shops:
D:5 *

Annotations:
D:5 fly
D:9 3 runed translucent doors, Turtleman12345's ghost, novice VSFi
Lair:1 Erica; Fannar


Innate Abilities, Weirdness & Mutations

You are too large for most types of armour.
You have tough skin. (AC +1)


Message History

You are more poisoned.
You closely miss something.
You feel very sick.
You hear some strange, mumbled words.
A lance of force appears from out of thin air!
The lance of force hits you!!
* * * LOW HITPOINT WARNING * * *
You are knocked back by the lance of force.
Okay, then.
Okay, then.
You feel better.
You hear some strange, mumbled words.
A bolt of poison appears from out of thin air!
The bolt of poison hits you!
You are poisoned.
* * * LOW HITPOINT WARNING * * *
Evoke which item? (* to show all) (? for menu, Esc to quit)
Press: ? - help, Shift-Dir - straight line The thunderbolt hits something!
You feel sick. Something hits you!
You die...

#...# # ##..# #..#
#†.# #†.# #..# #..#
##.# #P@# ##.# #P.#
##.## #...###
###'#P## ######+##
##......####........
#.......##†'........
##......##.#......†.


There were no monsters in sight!

Vanquished Creatures
  Harold (D:8)
  Nergalle (D:9)
  An unseen horror (D:8)
  A deep elf mage (D:8)
  An elephant (Lair:1)
  2 komodo dragons (Lair:1)
  2 trolls (D:9)
  A hornet (D:8)
  2 removed hippogriffs
  A wyvern (Lair:1)
  5 yaks (D:8)
  Menkaure (D:5)
  An acid dragon (D:8)
  3 water moccasins
  An ice beast (D:5)
  3 orc warriors
  A necrophage (D:8)
  4 ogres
  An eye of draining (D:8)
  2 sky beasts (D:8)
  4 phantoms
  6 centaurs
  2 wolves (Lair:1)
  A removed crocodile (D:7)
  A gnoll sergeant (D:7)
  A bullfrog (D:8)
  2 scorpions
  4 killer bees (D:9)
  4 wights
  A howler monkey (D:5)
  A quasit (D:7)
  6 orc priests
  8 orc wizards
  5 jellies
  3 centaur skeletons
  5 hounds
  2 bullfrog skeletons
  5 worker ants
  2 hound skeletons
  9 gnolls
  9 adders
  A shadow imp (D:5)
  A white imp (D:8)
  3 adder skeletons
  A worm (D:2)
  4 leopard geckos
  17 orcs
  8 bats
  2 giant cockroaches
  11 goblins
  5 hobgoblins
  2 iguanas
  14 jackals
  5 quokkas
  2 ball pythons
  5 frilled lizards
  A jackal zombie (D:7)
  6 kobolds
  A leopard gecko skeleton (D:8)
  9 rats
214 creatures vanquished.

Vanquished Creatures (others)
  A fungus (Lair:1)
  4 plants (D:9)
5 creatures vanquished.

Grand Total: 219 creatures vanquished

Notes
Turn   | Place    | Note
-------+----------+-------------------------------------------
     0 | D:1      | Murumi the Ogre Conjurer began the quest for the Orb.
     0 | D:1      | Reached XP level 1. HP: 16/16 MP: 3/3
   186 | D:1      | Reached XP level 2. HP: 24/24 MP: 0/5
   271 | D:1      | Learned a level 2 spell: Searing Ray
   757 | D:1      | Reached skill level 3 in Spellcasting
  1036 | D:1      | Reached XP level 3. HP: 31/31 MP: 4/7
  1302 | D:2      | Found a shimmering blue altar of Sif Muna.
  1505 | D:2      | Learned a level 3 spell: Dazzling Flash
  1609 | D:2      | Found a white marble altar of Elyvilon.
  1959 | D:2      | Reached skill level 1 in Fighting
  2095 | D:2      | Found a shimmering altar of Xom.
  2101 | D:2      | Reached skill level 1 in Hexes
  2101 | D:2      | Reached XP level 4. HP: 42/42 MP: 4/8
  2151 | D:2      | Reached skill level 1 in Maces & Flails
  3055 | D:3      | Reached XP level 5. HP: 49/49 MP: 6/9
  4196 | D:4      | Reached skill level 4 in Spellcasting
  4287 | D:4      | Reached XP level 6. HP: 21/61 MP: 5/12
  4654 | D:4      | Found a staircase to the Ecumenical Temple.
  4662 | Temple   | Entered the Ecumenical Temple
  4864 | Temple   | Became a worshipper of Vehumet
  5738 | D:5      | Entered Level 5 of the Dungeon
  5778 | D:5      | Noticed a hippogriff
  5788 | D:5      | Killed a hippogriff
  5788 | D:5      | Reached skill level 5 in Spellcasting
  5788 | D:5      | Reached XP level 7. HP: 44/67 MP: 4/14
  5898 | D:5      | Noticed Menkaure
  5901 | D:5      | Killed Menkaure
  6018 | D:5      | Reached XP level 8. HP: 73/78 MP: 5/15
  6181 | D:5      | Found a basalt altar of Yredelemnul.
  6585 | D:5      | Found Toics's General Store.
  6590 | D:5      | Bought a cursed -4 ring of evasion for 28 gold pieces
  7024 | D:6      | Learned a level 3 spell: Stone Arrow
  7064 | D:6      | Reached skill level 6 in Spellcasting
  7071 | D:6      | Reached * piety under Vehumet
  7071 | D:6      | Offered knowledge of Shock by Vehumet.
  7181 | D:6      | Learned a level 1 spell: Shock
  7251 | D:6      | Reached skill level 1 in Earth Magic
  7752 | D:7      | Found a sparkling altar of Nemelex Xobeh.
  8231 | D:7      | Reached skill level 1 in Air Magic
  8360 | D:7      | Reached XP level 9. HP: 83/84 MP: 6/18
  8954 | D:7      | Identified Sif Muna's Volume of Toxins
  9333 | D:8      | Reached ** piety under Vehumet
  9333 | D:8      | Offered knowledge of Freeze by Vehumet.
  9333 | D:8      | Reached skill level 1 in Evocations
  9598 | D:8      | Noticed a hornet
  9600 | D:8      | Noticed a deep elf mage
  9606 | D:8      | Killed a deep elf mage
  9606 | D:8      | Reached skill level 5 in Dodging
  9607 | D:8      | Killed an unseen horror
  9607 | D:8      | Reached skill level 7 in Spellcasting
  9607 | D:8      | Reached skill level 5 in Conjurations
  9607 | D:8      | Reached XP level 10. HP: 48/91 MP: 12/20
  9608 | D:8      | Reached skill level 5 in Hexes
  9977 | D:8      | Reached skill level 5 in Air Magic
  9991 | D:8      | Offered knowledge of Conjure Flame by Vehumet.
 10094 | D:8      | Learned a level 3 spell: Conjure Flame
 10166 | D:8      | Noticed Harold
 10192 | D:8      | Killed Harold
 10192 | D:8      | Reached skill level 5 in Earth Magic
 10478 | D:8      | Reached *** piety under Vehumet
 10486 | D:8      | HP: 3/91 [yak (10)]
 10814 | D:8      | You fall into a shaft and drop 2 floors!
 10814 | D:10     | Entered Level 10 of the Dungeon
 11016 | D:8      | Reached skill level 5 in Fire Magic
 11588 | D:8      | Found a hazy altar of Hepliaklqana.
 11588 | D:8      | Found a glowing silver altar of Zin.
 11625 | D:8      | Found a burning altar of Makhleb.
 11731 | D:9      | Reached skill level 5 in Fighting
 11970 | D:9      | Found a staircase to the Lair.
 11994 | D:9      | Offered knowledge of Hailstorm by Vehumet.
 12049 | D:9      | Upgraded the game from 0.26-a0-652-gafc20e3620 to
                  | 0.26-a0-658-gbdda728c12
 12056 | D:9      | Reached skill level 8 in Spellcasting
 12056 | D:9      | Reached XP level 11. HP: 34/102 MP: 8/23
 12608 | D:9      | Found a runed translucent gate.
 12608 | D:9      | Found a runed translucent gate.
 12616 | D:9      | Found a burning altar of Makhleb.
 12617 | D:9      | Found a runed translucent gate.
 12617 | D:9      | Noticed a nine-headed hydra
 12748 | D:9      | Noticed an 11-headed hydra
 12750 | D:9      | Noticed Turtleman12345's ghost (novice VSFi)
 13090 | D:9      | Reached **** piety under Vehumet
 13315 | Lair:1   | Entered Level 1 of the Lair of Beasts
 13315 | Lair:1   | Noticed Nergalle
 13322 | D:9      | Noticed a spectral orc warlord
 13323 | D:9      | Killed Nergalle
 14183 | Lair:1   | Noticed Erica
 14184 | Lair:1   | Noticed Fannar
 14222 | Lair:1   | Slain by Erica

Illustrated notes

Levels and vault maps discovered:
D:1:      wander_arrival_estate, layout_basic
D:2:      layout_basic, grunt_temple_overflow_open, dk_xom_monty_hall
D:3:      layout_rooms, grunt_ministairs_5, minmay_misc_feat_roman
D:4:      layout_loops_ring, minmay_temple_entry_tees, kennysheep_donut,
          minmay_misc_feat_x
D:5:      layout_rooms, overflow_temple_1_default, serial_shops, shop,
          serial_rivers, chequers_serial_rivers_small_b,
          chequers_serial_rivers_room_a, chequers_serial_rivers_large_a,
          chequers_serial_rivers_marsh, uniq_menkaure
D:6:      layout_basic
D:7:      layout_loops_ring, nemelex_xobeh_ov_fountains_minmay
D:8:      minmay_the_grid_plus_closed [minmay_the_grid_odd_star,
          minmay_the_grid_embedded, minmay_the_grid_stretched_grid,
          minmay_the_grid_gridbox, minmay_the_grid_prize_trominoes],
          layout_loops_ring, gammafunk_temple_overflow_wave,
          makhleb_heckhound_becter, uniq_harold
D:9:      layout_loops_ring, lair_entry_dummy, gammafunk_ghost_hydra_chop,
          basic_altar
D:10:     layout_roguey
Temple:   regret_index_temple_sphere_string
Lair:1:   layout_roguey, uniq_nergalle, uniq_erica, uniq_fannar

Skill      XL: |  1  2  3  4  5  6  7  8  9 10 11 |
---------------+----------------------------------+-----
Dodging        | 2 3 4 5 6 |  6.0
Conjurations   | 4 5 6 |  6.0
Spellcasting   | 3 4 5 6 7 8 |  8.0
Stealth        | 2 3 4 |  4.0
Fighting       | 2 3 4 5 |  5.0
Hexes          | 1 2 3 4 5 6 |  6.0
Maces & Flails | 1 2 |  2.0
Earth Magic    | 4 5 |  5.6
Air Magic      | 2 4 5 |  5.0
Evocations     | 2 |  2.0
Fire Magic     | 5 |  5.0

Action                   |  1- 3 |  4- 6 |  7- 9 | 10-12 || total
-------------------------+-------+-------+-------+-------++-------
Melee: Club              |     3 |       |       |       ||     3
       Giant spiked club |       |       |     5 |    13 ||    18
 Cast: Magic Dart        |    43 |    85 |    88 |    10 ||   226
       Searing Ray       |     8 |    22 |    46 |    22 ||    98
       Shock             |       |       |     3 |    45 ||    48
       Stone Arrow       |       |       |       |    78 ||    78
       Dazzling Flash    |       |       |       |     3 ||     3
Evoke: Lightning rod     |       |       |       |     5 ||     5
  Use: Scroll            |     6 |     5 |     3 |     4 ||    18
       Potion            |       |       |       |     2 ||     2
 Stab: Sleeping          |       |       |       |     5 ||     5
Armor: Robe              |     8 |    10 |    17 |    21 ||    56
Dodge: Dodged            |     7 |    10 |    27 |    75 ||   119

Table legend: (Time is in decaauts)
 A = Elapsed time spent in this place.
 B = Non-inter-level travel time spent in this place.
 C = Inter-level travel time spent in this place.
 D = Time resting spent in this place.
 E = Time spent auto-exploring this place.
 F = Levels seen in this place.
 G = Mean time per level.
                   A        B        C        D        E       F      G
               +--------+--------+--------+--------+--------+-----+--------+
         Total |  14268 |  13355 |    913 |    206 |  11805 |  12 | 1189.0 |
       Dungeon |  13162 |  12305 |    857 |    206 |  10860 |  10 | 1316.2 |
        Temple |    215 |    161 |     54 |      0 |    160 |   1 |  215.0 |
          Lair |    889 |    888 |      1 |      0 |    785 |   1 |  889.0 |
               +--------+--------+--------+--------+--------+-----+--------+

Top non-repeatable levels by time:
     D:8: 2649 daAuts
     D:2: 1775 daAuts
     D:9: 1465 daAuts
     D:7: 1386 daAuts
     D:4: 1382 daAuts
     D:1: 1343 daAuts
     D:5: 1103 daAuts
     D:3: 1055 daAuts
     D:6: 958 daAuts
  Lair:1: 889 daAuts
  Temple: 215 daAuts
    D:10: 41 daAuts
